HSSL
MARIS SCHOOL @ BUCHANAN HS
04/27/2023
 
TOP OF THE 1ST
Maris School batting - Pitching for Buchanan HS : RHP John Robinson
Pitching: RHP John Robinson
Batting: RHB Jason Ward 0-0: SOLO HOME RUN (Flyball, 9LD), Distance : 339 ft
Batting: RHB James Everhart 0-0: Called Strike
0-1: Ball
1-1: Ball
2-1: Swinging Strike
2-2: SINGLE (Groundball, 34D)
Batting: LHB Al Gaines 0-0: Ball
1-0: Ball
2-0: Foul Ball, location: 2F
2-1: Foul Ball, location: 2F
2-2: Foul Ball, location: 2F
2-2: Foul Ball, location: 2F
2-2: Ball
3-2: Strikes out swinging
Batting: LHB Denny Poole 0-0: Foul Ball, location: 2F
0-1: Ball
1-1: Ball
2-1: Ball
3-1: Foul Ball, location: 2F
3-2: Strikes out swinging
Batting: RHB Javier Álvarez 0-0: Ball
1-0: Fly out, F7 (Popup, 6D)
Top of the 1st over - 1 run(s), 2 hit(s), 0 error(s), 1 left on base; Maris School 1 - Buchanan HS 0
BOTTOM OF THE 1ST
Buchanan HS batting - Pitching for Maris School : RHP Lewis Sweeney
Pitching: RHP Lewis Sweeney
Batting: RHB José Montoya 0-0: Called Strike
0-1: Ball
1-1: Swinging Strike
1-2: Ball
2-2: Ball
3-2: Strikes out swinging
Batting: SHB Frank Kennedy 0-0: Called Strike
0-1: Swinging Strike
0-2: Foul Ball, location: 2F
0-2: Ball
1-2: Strikes out looking
Batting: RHB Leonardo Sinisterra 0-0: Ground out 5-3 (Groundball, 5S)
Bottom of the 1st over - 0 run(s), 0 hit(s), 0 error(s), 0 left on base; Maris School 1 - Buchanan HS 0
TOP OF THE 2ND
Maris School batting - Pitching for Buchanan HS : RHP John Robinson
Batting: RHB Denis Miller 0-0: Ball
1-0: Swinging Strike
1-1: Swinging Strike
1-2: Foul Ball, location: 2F
1-2: Strikes out swinging
Batting: RHB John Scammell 0-0: Called Strike
0-1: Ball
1-1: Ground out 5-3 (Groundball, 5L)
Batting: LHB Gary White 0-0: Foul Ball, location: 2F
0-1: Foul Ball, location: 2F
0-2: Strikes out swinging
Top of the 2nd over - 0 run(s), 0 hit(s), 0 error(s), 0 left on base; Maris School 1 - Buchanan HS 0
BOTTOM OF THE 2ND
Buchanan HS batting - Pitching for Maris School : RHP Lewis Sweeney
Batting: RHB Jason Stover 0-0: Ball
1-0: SINGLE (Line Drive, 6)
Batting: RHB Matt Rodríguez 0-0: Called Strike
0-1: Swinging Strike
0-2: Strikes out looking
Jason Stover steals 2nd base
Batter strikes out.
Batting: SHB Ken Gibson 0-0: Called Strike
0-1: Ball
1-1: Ground out 4-3 (Groundball, 4)
Jason Stover to third
Batting: RHB Ken Miller 0-0: Called Strike
0-1: Foul Ball, location: 2F
0-2: Ground out 1-3 (Groundball, 13S)
Bottom of the 2nd over - 0 run(s), 1 hit(s), 0 error(s), 1 left on base; Maris School 1 - Buchanan HS 0
TOP OF THE 3RD
Maris School batting - Pitching for Buchanan HS : RHP John Robinson
Batting: RHB Joe Baker 0-0: Foul Ball, location: 2F
0-1: Ball
1-1: Ball
2-1: Fly out, F7 (Flyball, 7M)
Batting: RHB Jason Ward 0-0: Swinging Strike
0-1: Ball
1-1: Foul Ball, location: 2F
1-2: Fly out, F7 (Flyball, 7M)
Batting: RHB James Everhart 0-0: Ball
1-0: Foul Ball, location: 2F
1-1: Foul Ball, location: 2F
1-2: Hit by Pitch
Batting: LHB Al Gaines 0-0: Called Strike
0-1: Swinging Strike
0-2: Strikes out swinging
Top of the 3rd over - 0 run(s), 0 hit(s), 0 error(s), 1 left on base; Maris School 1 - Buchanan HS 0
BOTTOM OF THE 3RD
Buchanan HS batting - Pitching for Maris School : RHP Lewis Sweeney
Batting: RHB Mike Willis 0-0: SINGLE (Groundball, 34)
Batting: RHB Ron Hale 0-0: Foul Ball, location: 2F
0-1: Ball
1-1: Swinging Strike
1-2: Strikes out swinging
Batting: RHB José Montoya 0-0: Called Strike
0-1: Ball
1-1: Fly out, F8 (Flyball, 8RM)
Batting: SHB Frank Kennedy 0-0: Foul Ball, location: 2F
0-1: Fly out, F7 (Flyball, 7D)
Bottom of the 3rd over - 0 run(s), 1 hit(s), 0 error(s), 1 left on base; Maris School 1 - Buchanan HS 0
TOP OF THE 4TH
Maris School batting - Pitching for Buchanan HS : RHP John Robinson
Batting: LHB Denny Poole 0-0: Called Strike
0-1: Fly out, F6 (Popup, 5)
Batting: RHB Javier Álvarez 0-0: DOUBLE (Groundball, 5L)
Batting: RHB Denis Miller 0-0: Swinging Strike
0-1: Ball
1-1: Ball
2-1: Foul Ball, location: 2F
2-2: Strikes out looking
Batting: RHB John Scammell 0-0: Called Strike
0-1: Ball
1-1: Ball
2-1: Swinging Strike
2-2: 2-RUN HOME RUN (Flyball, 7D), Distance : 360 ft
Batting: LHB Gary White 0-0: Ball
1-0: Called Strike
1-1: Foul Ball, location: 2F
1-2: Strikes out looking
Top of the 4th over - 2 run(s), 2 hit(s), 0 error(s), 0 left on base; Maris School 3 - Buchanan HS 0
BOTTOM OF THE 4TH
Buchanan HS batting - Pitching for Maris School : RHP Lewis Sweeney
Batting: RHB Leonardo Sinisterra 0-0: Swinging Strike
0-1: Foul Ball, location: 2F
0-2: Foul Ball, location: 2F
0-2: Foul Ball, location: 2F
0-2: Fly out, F9 (Flyball, 89M)
Batting: RHB Jason Stover 0-0: Called Strike
0-1: SINGLE (Line Drive, 7S)
Batting: RHB Matt Rodríguez 0-0: Ball
1-0: Called Strike
1-1: Ground out 4-3 (Groundball, 4S)
Jason Stover to second
Batting: SHB Ken Gibson 0-0: Ball
1-0: Ball
2-0: Ball
3-0: Called Strike
3-1: Base on Balls
Batting: RHB Ken Miller 0-0: Called Strike
0-1: Ball
1-1: Called Strike
1-2: Ball
2-2: Foul Ball, location: 2F
2-2: Strikes out looking
Bottom of the 4th over - 0 run(s), 1 hit(s), 0 error(s), 2 left on base; Maris School 3 - Buchanan HS 0
TOP OF THE 5TH
Maris School batting - Pitching for Buchanan HS : RHP John Robinson
Batting: RHB Joe Baker 0-0: DOUBLE (Popup, 4D)
Batting: RHB Jason Ward 0-0: Called Strike
0-1: Foul Ball, location: 2F
0-2: Strikes out swinging
Batting: RHB James Everhart 0-0: Called Strike
0-1: Swinging Strike
0-2: Strikes out looking
Batting: LHB Al Gaines 0-0: Called Strike
0-1: Hit by Pitch
Batting: LHB Denny Poole 0-0: Foul Ball, location: 2F
0-1: Foul Ball, location: 2F
0-2: Foul Ball, location: 2F
0-2: Foul Ball, location: 2F
0-2: Strikes out swinging
Top of the 5th over - 0 run(s), 1 hit(s), 0 error(s), 2 left on base; Maris School 3 - Buchanan HS 0
BOTTOM OF THE 5TH
Buchanan HS batting - Pitching for Maris School : RHP Lewis Sweeney
Batting: RHB Mike Willis 0-0: Foul Ball, location: 2F
0-1: Foul Ball, location: 2F
0-2: Strikes out swinging
Batting: RHB Ron Hale 0-0: Called Strike
0-1: Ball
1-1: Ball
2-1: Called Strike
2-2: Foul Ball, location: 2F
2-2: Foul Ball, location: 2F
2-2: Ball
3-2: Strikes out swinging, 2-3 out at first.
Batting: RHB José Montoya 0-0: Called Strike
0-1: Ball
1-1: Swinging Strike
1-2: Ball
2-2: Ball
3-2: Strikes out swinging
Bottom of the 5th over - 0 run(s), 0 hit(s), 0 error(s), 0 left on base; Maris School 3 - Buchanan HS 0
TOP OF THE 6TH
Maris School batting - Pitching for Buchanan HS : RHP John Robinson
Batting: RHB Javier Álvarez 0-0: Called Strike
0-1: Swinging Strike
0-2: Ball
1-2: Ball
2-2: Reached on error, E5 (Groundball, 5)
Pitching: LHP William Romero
Batting: RHB Denis Miller 0-0: Called Strike
0-1: Ball
1-1: Swinging Strike
1-2: Grounds into double play, 6-4-3 (Groundball, 6)
Batting: RHB John Scammell 0-0: Foul Ball, location: 2F
0-1: Called Strike
0-2: Ball
1-2: Foul Ball, location: 2F
1-2: Strikes out swinging
Top of the 6th over - 0 run(s), 0 hit(s), 1 error(s), 0 left on base; Maris School 3 - Buchanan HS 0
BOTTOM OF THE 6TH
Buchanan HS batting - Pitching for Maris School : RHP Lewis Sweeney
Batting: SHB Frank Kennedy 0-0: Called Strike
0-1: Swinging Strike
0-2: Ball
1-2: Ball
2-2: Strikes out swinging
Batting: RHB Leonardo Sinisterra 0-0: Ground out 6-3 (Groundball, 6)
Batting: RHB Jason Stover 0-0: Ball
1-0: Foul Ball, location: 2F
1-1: SINGLE (Groundball, 56) (infield hit)
Pitching: RHP Ernest Elliott
Batting: RHB Matt Rodríguez 0-0: Ball
1-0: Called Strike
1-1: Called Strike
1-2: Foul Ball, location: 2F
1-2: Ball
2-2: Foul Ball, location: 2F
2-2: Ball
Jason Stover is caught stealing 2nd base
Bottom of the 6th over - 0 run(s), 1 hit(s), 0 error(s), 0 left on base; Maris School 3 - Buchanan HS 0
TOP OF THE 7TH
Maris School batting - Pitching for Buchanan HS : LHP William Romero
Batting: LHB Gary White 0-0: Ball
1-0: Swinging Strike
1-1: Ground out 5-3 (Groundball, 5)
Batting: RHB Joe Baker 0-0: Called Strike
0-1: Ball
1-1: Ball
2-1: SOLO HOME RUN (Line Drive, 89XD), Distance : 421 ft
Batting: RHB Jason Ward 0-0: Called Strike
0-1: Ball
1-1: Foul Ball, location: 2F
1-2: Foul Ball, location: 2F
1-2: Ball
2-2: Strikes out looking
Batting: RHB James Everhart 0-0: Ball
1-0: Ball
2-0: Called Strike
2-1: Called Strike
2-2: SINGLE (Line Drive, 8LS)
Batting: LHB Al Gaines 0-0: Called Strike
0-1: Ball
1-1: Foul Ball, location: 2F
1-2: Strikes out swinging
Top of the 7th over - 1 run(s), 2 hit(s), 0 error(s), 1 left on base; Maris School 4 - Buchanan HS 0
BOTTOM OF THE 7TH
Buchanan HS batting - Pitching for Maris School : RHP Ernest Elliott
Batting: RHB Matt Rodríguez 0-0: Ball
1-0: Ball
2-0: Called Strike
2-1: Foul Ball, location: 2F
2-2: Strikes out swinging
Batting: SHB Ken Gibson 0-0: Foul Ball, location: 2F
0-1: Ball
1-1: DOUBLE (Line Drive, 7LM)
Batting: RHB Ken Miller 0-0: Called Strike
0-1: Foul Ball, location: 2F
0-2: Reached on error, E4 (Groundball, 4)
Ken Gibson to third
Batting: RHB Mike Willis 0-0: Grounds into double play, U6-3 (Groundball, 6M)
Bottom of the 7th over - 0 run(s), 1 hit(s), 1 error(s), 1 left on base; Maris School 4 - Buchanan HS 0
TOP OF THE 8TH
Maris School batting - Pitching for Buchanan HS : LHP William Romero
Batting: LHB Denny Poole 0-0: Called Strike
0-1: Ball
1-1: Called Strike
1-2: Ball
2-2: Ball
3-2: Fly out, F8 (Line Drive, 8LD)
Pitching: RHP Mark Cox
Batting: RHB Javier Álvarez 0-0: Called Strike
0-1: Called Strike
0-2: Fly out, F4 (Popup, 4D)
Batting: RHB Denis Miller 0-0: Swinging Strike
0-1: Foul Ball, location: 2F
0-2: Reached on error, E6 (Groundball, 6M)
Batting: RHB John Scammell 0-0: Ball
1-0: Ball
2-0: Called Strike
2-1: Ball
3-1: Foul Ball, location: 2F
3-2: Base on Balls
Batting: LHB Gary White 0-0: Ball
1-0: Ball
2-0: Foul Ball, location: 2F
2-1: Foul Ball, location: 2F
2-2: Strikes out looking
Top of the 8th over - 0 run(s), 0 hit(s), 1 error(s), 2 left on base; Maris School 4 - Buchanan HS 0
BOTTOM OF THE 8TH
Buchanan HS batting - Pitching for Maris School : RHP Ernest Elliott
Batting: RHB Ron Hale 0-0: Ball
1-0: Called Strike
1-1: Ball
2-1: Fly out, F3 (Popup, 13)
Batting: RHB José Montoya 0-0: Called Strike
0-1: Called Strike
0-2: Ground out 5-3 (Groundball, 5)
Batting: SHB Frank Kennedy 0-0: Called Strike
0-1: Swinging Strike
0-2: Foul Ball, location: 2F
0-2: Ground out 4-3 (Groundball, 34)
Bottom of the 8th over - 0 run(s), 0 hit(s), 0 error(s), 0 left on base; Maris School 4 - Buchanan HS 0
TOP OF THE 9TH
Maris School batting - Pitching for Buchanan HS : RHP Mark Cox
Pitching: RHP Richard Lewis
Batting: RHB Joe Baker 0-0: Fly out, F8 (Flyball, 8RM)
Batting: RHB Jason Ward 0-0: Ball
1-0: SINGLE (Groundball, 6)
Batting: RHB James Everhart 0-0: Called Strike
Jason Ward steals 2nd base
0-1: Ground out 6-3 (Groundball, 6)
Batting: LHB Al Gaines 0-0: Ball
1-0: Ball
2-0: Ball
3-0: Base on Balls
Batting: LHB Denny Poole 0-0: Ball
1-0: Called Strike
1-1: Ball
2-1: Ball
3-1: Base on Balls
Jason Ward to third
Al Gaines to second
Batting: RHB Javier Álvarez 0-0: Ground out 5-3 (Groundball, 5)
Top of the 9th over - 0 run(s), 1 hit(s), 0 error(s), 3 left on base; Maris School 4 - Buchanan HS 0
BOTTOM OF THE 9TH
Buchanan HS batting - Pitching for Maris School : RHP Ernest Elliott
Batting: RHB Leonardo Sinisterra 0-0: Called Strike
0-1: Foul Ball, location: 2F
0-2: Ground out 4-3 (Groundball, 4M)
Batting: RHB Jason Stover 0-0: SOLO HOME RUN (Flyball, 8LXD), Distance : 429 ft
Pitching: RHP Denny Griffin
Batting: RHB Matt Rodríguez 0-0: Called Strike
0-1: Ball
1-1: Foul Ball, location: 2F
1-2: Ball
2-2: Foul Ball, location: 2F
2-2: Ball
3-2: Foul Ball, location: 2F
3-2: SINGLE (Line Drive, 7S)
Batting: SHB Ken Gibson 0-0: Grounds out, U3 (Groundball, 3L)
Batting: RHB Ken Miller 0-0: Ball
1-0: Called Strike
1-1: Ground out 5-3 (Groundball, 56)
Bottom of the 9th over - 1 run(s), 2 hit(s), 0 error(s), 1 left on base; Maris School 4 - Buchanan HS 1
This league is powered by Out of the Park Baseball, the baseball management simulation game for PC, Mac and Linux
Wednesday, December 2nd, 2015 - OOTP Baseball 16.8 Build 38